 Dungeon Crawl Stone Soup version 0.31.0-11-ge490571c62 (webtiles) character file.

Game seed: 5724287172663103962

161 FunkByte the Ducker (level 5, 0/37 HPs)
             Began as a Djinni Fire Elementalist on Jan 30, 2024.
             Slain by a goblin
             ... wielding a +0 dagger
             ... led by Robin
              (3 damage)
             ... on level 4 of the Dungeon.
             The game lasted 00:40:28 (3453 turns).

FunkByte the Ducker (Djinni Fire Elementalist)      Turns: 3453, Time: 00:40:32

Health: 0/37       AC:  3    Str:  7    XL:     5   Next: 70%
Gold:   139        EV: 13    Int: 18    God:
                   SH:  0    Dex: 14

rFire   + + +        t - +0 war axe
rCold   x . .        (no shield)
rNeg    . . .        s - +0 robe
rPois   ∞            (no helmet)
rElec   .            (no cloak)
rCorr   .            u - +0 pair of gloves
SInv    .            (boots unavailable)
Will    .....        v - amulet of magic regeneration
Stlth   ++           e - ring of wizardry
HPRegen 0.26/turn    l - ring of protection from fire
MPRegen 0.00/turn

%: wizardry (x1), infuse magic (-1 HP)
@: flying, very slightly contaminated
A: sickness immunity, fire resistance 2, cold vulnerability 1, float, innate
caster, HP casting, extra vitality 1
a: no special abilities


You were on level 4 of the Dungeon.
You visited 1 branch of the dungeon, and saw 4 of its levels.

You collected 139 gold pieces.

Inventory:

Hand Weapons
 t - a +0 war axe (weapon)
Missiles
 b - 45 stones
Armour
 g - a +0 barding of stealth
 s - a +0 robe (worn)
 u - a +0 pair of gloves (worn)
Jewellery
 e - a ring of wizardry (left hand)
 l - a ring of protection from fire (right hand)
 v - an amulet of magic regeneration (around neck)
Wands
 r - a wand of acid (8)
 w - a wand of mindburst (12)
Scrolls
 c - a scroll of immolation {unknown}
 d - a scroll of fog {unknown}
 f - a scroll of poison {unknown}
 i - a scroll of torment {unknown}
 k - a scroll of enchant weapon {unknown}
 m - a scroll of identify {unknown}
 n - 4 scrolls of teleportation {unknown}
 o - a scroll of blinking {unknown}
Potions
 q - a potion of degeneration {unknown}


   Skills:
 + Level 1.1 Fighting
 + Level 0.3 Short Blades
 + Level 0.8(0.9) Axes
 + Level 0.2(0.6) Maces & Flails
 + Level 3.8 Dodging
 + Level 2.2 Stealth
 + Level 3.2 Spellcasting
 + Level 3.2 Conjurations
 + Level 3.2 Hexes
 + Level 3.2 Summonings
 + Level 3.2 Necromancy
 + Level 3.2 Translocations
 + Level 3.2 Fire Magic
 + Level 3.2 Ice Magic
 + Level 3.2 Air Magic
 + Level 3.2 Earth Magic
 + Level 3.2 Alchemy
 * Level 2.0 Evocations


You knew the following spells:

 Your Spells              Type           Power      Damage    Failure   Level
a - Foxfire               Conj/Fire      56%        2x1d6     1%          1
b - Scorch                Fire           28%        2d6       2%          2
c - Volatile Blastmotes   Fire/Tloc      28%        2d12      5%          3
d - Inner Flame           Hex/Fire       14%        N/A       5%          3
e - Flame Wave            Conj/Fire      14%        2d6       16%         4
f - Magic Dart            Conj           56%        1d5       1%          1
g - Searing Ray           Conj           28%        2d5       2%          2
Your spell library was empty.

Dungeon Overview and Level Annotations

Branches:
Dungeon (4/15)
 Temple: D:4-7

Altars:

Annotations:
D:4 Robin


Innate Abilities, Weirdness & Mutations

You are immune to sickness and miasma.
You are immune to poison.
Your flesh is very heat resistant. (rF++)
You are vulnerable to cold. (rC-)
You float through the air rather than walking.
You learn spells naturally, not from books.
Your magical power is your life essence.
You have superior vitality. (+4 MHP)


Message History

You closely miss the goblin. The goblin barely misses you.
You barely miss the goblin. You closely miss the goblin.
You barely miss the goblin. The goblin completely misses you.
The goblin closely misses you. The goblin barely misses you.
Robin throws the goblin at you! The goblin hits you with a +0 dagger.
The goblin hits you but does no damage.
You completely miss the goblin. You closely miss the goblin.
You closely miss the hobgoblin. You miss the goblin.
You barely miss the goblin. The goblin barely misses you.
The goblin hits you with a +0 dagger. The hobgoblin misses you.
The goblin hits you but does no damage. The goblin completely misses you.
The goblin hits you with a +0 club. The goblin hits you with a +0 dagger.
* * * LOW HITPOINT WARNING * * *
The goblin hits you with a +0 dagger.
* * * LOW HITPOINT WARNING * * *
The goblin barely misses you. Robin throws the goblin at you!
The goblin attacks as it pursues you! The goblin closely misses you.
The hobgoblin closely misses you. The goblin closely misses you.
You barely miss the goblin. You closely miss the goblin. You hit the hobgoblin.
You slash the goblin!
You kill the goblin!
The goblin no longer looks unusually strong.
The hobgoblin no longer looks unusually strong.
The goblin barely misses you. The goblin hits you with a +0 dagger.
* * * LOW HITPOINT WARNING * * *
The goblin hits you but does no damage.
Casting: Flame Wave (quite dangerous; 16% risk of failure)
Confirm with . or Enter, or press ? or * to list all spells.
You don't have enough health to cast this spell.
Casting: Flame Wave (quite dangerous; 16% risk of failure)
Confirm with . or Enter, or press ? or * to list all spells.
You don't know that spell.
You hit the goblin.
The goblin is severely wounded.
You slash the goblin!
You kill the goblin!
You hit the goblin. You hit the hobgoblin.
You kill the hobgoblin!
The goblin barely misses you. The goblin hits you with a +0 dagger.
You die...

..... ........ ##.
........ # .. # #......
.... g #..#. ...#..####.#
....?..##.##........
#.##....g##.....#.#
.#....##g@##.....#.#
......))g$#...#..#.# .#
#....)..g).#.#..#.##.###.
############.##..........
#.##.#.##.###. #.##...#
.# #.##<..##.#
##.###...#.# #....)..)).#


You could see Robin (inner flame), a hobgoblin (strong) and 2 goblins.

Vanquished Creatures
  A jelly (D:3)
  An orc priest (D:4)
  2 adders
  4 dart slugs
  2 ribbon worms
  3 orcs (D:4)
  2 bat skeletons (D:2)
  5 endoplasms
  4 giant cockroaches
  11 goblins
  6 hobgoblins
  3 quokkas
  3 ball pythons
  A ball python skeleton (D:2)
  A ball python zombie (D:2)
  7 bats
  4 frilled lizards
  A jackal skeleton (D:2)
  3 kobolds
  3 rats
67 creatures vanquished.

Vanquished Creatures (others)
  75 foxfires
75 creatures vanquished.

Grand Total: 142 creatures vanquished

Notes
Turn   | Place    | Note
-------+----------+-------------------------------------------
     0 | D:1      | FunkByte the Djinni Fire Elementalist began the quest for
                  | the Orb.
     0 | D:1      | FunkByte set off with the following spells memorised:
                  | Foxfire, Scorch, Volatile Blastmotes, Inner Flame, Flame
                  | Wave.
     0 | D:1      | Reached XP level 1. HP: 15/15 MP: 0/0
   295 | D:1      | Reached XP level 2. HP: 21/21 MP: 0/0
   619 | D:1      | Reached XP level 3. HP: 23/25 MP: 0/0
   619 | D:1      | Learned a level 1 spell: Magic Dart
  2238 | D:2      | Reached XP level 4. HP: 30/31 MP: 0/0
  2696 | D:3      | Reached skill level 1 in Evocations
  2734 | D:3      | Reached XP level 5. HP: 32/36 MP: 0/0
  2734 | D:3      | Learned a level 2 spell: Searing Ray
  3277 | D:4      | Reached skill level 1 in Fighting
  3437 | D:4      | Noticed Robin
  3453 | D:4      | Slain by a goblin

Illustrated notes

Levels and vault maps discovered:
D:1:      dpeg_arrival_simpleton_a, layout_basic, serial_glass, glass_columns_c,
          glass_columns_a
D:2:      layout_basic, serial_undead, serial_undead_f, serial_undead_c,
          serial_undead_f, serial_undead_c, serial_undead_d, serial_undead_a
D:3:      layout_loops_cross
D:4:      layout_basic, chequers_temple_overflow_statue_of_worship,
          minmay_temple_entry_ruins, uniq_robin

Skill      XL: |  1  2  3  4  5 |
---------------+----------------+-----
Stealth        | 2 |  2.2
Dodging        | 3 |  3.8
Evocations     | 1 2 |  2.0
Fighting       | 1 |  1.1
Short Blades   | |  0.3
Axes           | |  0.8
Maces & Flails | |  0.2
Spellcasting   | |  3.2
Conjurations   | |  3.2
Hexes          | |  3.2
Summonings     | |  3.2
Necromancy     | |  3.2
Translocations | |  3.2
Fire Magic     | |  3.2
Ice Magic      | |  3.2
Air Magic      | |  3.2
Earth Magic    | |  3.2
Alchemy        | |  3.2

Action                     |  1- 3 |  4- 6 || total
---------------------------+-------+-------++-------
  Melee: Club              |    35 |       ||    35
         Unarmed           |     2 |       ||     2
         Dagger            |    81 |     5 ||    86
         War axe           |       |    22 ||    22
   Cast: Foxfire           |    33 |    13 ||    46
         Scorch            |     9 |    14 ||    23
         Volatile Blastmot |     2 |     2 ||     4
         Inner Flame       |     1 |     3 ||     4
         Searing Ray       |       |     6 ||     6
         Flame Wave        |       |     1 ||     1
    Use: Potion            |       |     3 ||     3
   Stab: Sleeping          |     1 |       ||     1
 Armour: Robe              |    74 |    41 ||   115
  Dodge: Dodged            |   110 |    57 ||   167
